 Dungeon Crawl Stone Soup version 0.22.1-2-g9c5b331 (webtiles) character file.

25 Yuikono the Gusty (level 3, 0/19 HPs)
             Began as a Tengu Air Elementalist on Dec 10, 2018.
             Was an Initiate of Nemelex Xobeh.
             Slain by an adder (4 damage)
             ... on level 2 of the Dungeon.
             The game lasted 00:03:05 (905 turns).

Yuikono the Gusty (Tengu Air Elementalist)           Turns: 905, Time: 00:03:06

Health: 0/19       AC:  3    Str:  8    XL:     3   Next: 6%
Magic:  7/7        EV: 13    Int: 16    God:    Nemelex Xobeh [......]
Gold:   48         SH:  0    Dex: 14    Spells: 5/6 levels left

rFire    . . .     SeeInvis .   d - +2 short sword (venom)
rCold    . . .     Gourm    .   (no shield)
rNeg     . . .     Faith    .   a - +0 robe
rPois    .         Spirit   .   (helmet restricted)
rElec    .         Reflect  .   b - +0 cloak
rCorr    .         Harm     .   (no gloves)
MR       .....                  (boots unavailable)
Stlth    ++........             (no amulet)
HPRegen  0.06/turn              (no ring)
MPRegen  0.10/turn              (no ring)

@: lethally poisoned (0 -> -10)
A: beak, talons 3
a: Renounce Religion


You were on level 2 of the Dungeon.
You worshipped Nemelex Xobeh.
Nemelex Xobeh was noncommittal.
You were not hungry.

You visited 1 branch of the dungeon, and saw 2 of its levels.

You collected 48 gold pieces.

Inventory:

Hand Weapons
 d - a +2 short sword of venom (weapon)
Missiles
 f - 74 stones (quivered)
 g - 6 poisoned needles
 l - 17 arrows
Armour
 a - a +0 robe (worn)
 b - a +0 cloak (worn)
Scrolls
 h - 2 scrolls of identify {unknown}
 i - a scroll of remove curse {unknown}
 m - a scroll of teleportation {unknown}
Potions
 e - a potion of curing {unknown}
 k - a potion of might {unknown}
Miscellaneous
 j - a plain deck of escape {drawn: 2}
Comestibles
 c - 2 rations


   Skills:
 + Level 0.3 Short Blades
 + Level 2.3 Dodging
 + Level 2.0 Stealth
 + Level 2.3 Spellcasting
 + Level 1.3 Conjurations
 + Level 4.9 Air Magic


You had 5 spell levels left.
You knew the following spells:

 Your Spells              Type           Power        Failure   Level  Hunger
a - Shock                 Conj/Air       ##..         5%          1    #......

Your spell library contained the following spells:

 Spells                   Type           Power        Failure   Level  Hunger
 Swiftness                Chrm/Air       #.......     11%         2    ###....
 Static Discharge         Conj/Air       ##......     17%         3    ###....
 Airstrike                Air            ###.......   26%         4    #####..
 Lightning Bolt           Conj/Air       ##........   83%         5    ######.


Dungeon Overview and Level Annotations

Branches:
Dungeon (2/15)

Altars:
Nemelex Xobeh

Annotations:
D:2 Sigmund


Innate Abilities, Weirdness & Mutations

You have a beak for a mouth.
You have claws for feet.


Message History

The adder seems to speed up.
The goblin seems to speed up.
The adder bites you. The giant cockroach barely misses you.
The adder closely misses you.
You hit the giant cockroach.
The giant cockroach is severely wounded.
You feel sick. The adder bites you.
The giant cockroach bites you but does no damage.
The adder closely misses you. The giant cockroach misses you.
You hit the giant cockroach.
You kill the giant cockroach!
The adder misses you. The adder completely misses you. The adder bites you.
* * * LOW HITPOINT WARNING * * *
You are lethally poisoned!
The adder poisons you!
The walls disappear prematurely!
* * * LOW HITPOINT WARNING * * *
You feel sick.
You see here a giant cockroach corpse.
The adder bites you.
You die...
Your body disappears without a glow.

### ..# #.#
#######.####
...@..@....#
#g# #S# #@#
#.#
.########.#
........#.#
....#..<.#
#......## #
##...†...#.#
#..........#
#..........#


You could see Sigmund, an adder and a goblin.

Vanquished Creatures
  2 leopard geckos (D:1)
  A giant cockroach (D:2)
  3 goblins (D:1)
  4 hobgoblins (D:1)
  4 bats
  A frilled lizard (D:1)
  4 kobolds (D:1)
  5 rats
24 creatures vanquished.

Notes
Turn   | Place    | Note
-------+----------+-------------------------------------------
     0 | D:1      | Yuikono the Tengu Air Elementalist began the quest for the
                  | Orb.
     0 | D:1      | Reached XP level 1. HP: 10/10 MP: 4/4
   138 | D:1      | Reached XP level 2. HP: 12/15 MP: 6/6
   224 | D:1      | Found a sparkling altar of Nemelex Xobeh.
   275 | D:1      | Became a worshipper of Nemelex Xobeh the Trickster
   652 | D:1      | Received a gift from Nemelex Xobeh
   883 | D:2      | Reached XP level 3. HP: 17/19 MP: 7/7
   898 | D:2      | Noticed Sigmund
   905 | D:2      | Slain by an adder

Action                   || total
-------------------------++-------
Melee: Short sword       ||    27
       Kick              ||     1
       Peck              ||     1
 Cast: Shock             ||     8
Evoke: Deck              ||     2
 Stab: Sleeping          ||     3
Armor: Robe              ||    12
Dodge: Dodged            ||    15
